Map: Cerulean Fall LE

Players

Kozan - Winner!

  • Race: Terran Terran
  • Spawn Location: 1:00

Stephano

  • Race: Zerg Zerg
  • Spawn Location: 7:00

Event: WCS Montreal 2018

VOD

Have the link to the VOD?

Description

Time

  • Played on: Sept. 7, 2018, 2:32 p.m.
  • Length: 7:14

All games in this series

Show
View Real Time Build Order
Export as new Build Order

Kozan Terran - Winner!

Build Orders: Gas First Reaper Expand, Reaper Expand 

Get SALT Encoding   

  12  0:01  SCV  
  13  0:13  SCV  
  14  0:17  Supply Depot  
  14  0:25  SCV  
  15  0:30  Refinery  
  15  0:39  SCV  
  16  0:46  Barracks  
  16  0:51  SCV  
  17  1:03  SCV  
  18  1:15  SCV  
  19  1:33  Reaper, Orbital Command  
  20  1:47  Command Center  
  20  1:59  SCV  
  21  2:02  Factory  
  21  2:06  Barracks Reactor  
  21  2:11  SCV  
  21  2:15  Supply Depot  
  22  2:21  Refinery  
  22  2:23  SCV  
  24  2:37  SCV  
  24  2:43  Marine x2  
  26  2:47  Hellion  
  26  2:49  SCV  
  26  2:50  Starport  
  29  3:02  Orbital Command  
  31  3:07  SCV  
  30  3:19  SCV  
  31  3:22  Hellion x2, Barracks Tech Lab  
  35  3:28  Medivac  
  35  3:29  Supply Depot  
  35  3:33  SCV  
  38  3:37  Orbital Command  
  38  3:43  Hellion x2  
  38  3:44  Marine  
  43  3:50  Stimpack  
  43  3:53  SCV  
  44  4:04  SCV  
  44  4:05  SCV  
  45  4:13  Marine  
  45  4:16  SCV  
  47  4:17  SCV  
  47  4:20  Supply Depot  
  47  4:21  Barracks  
  47  4:23  Viking  
  50  4:28  SCV  
  50  4:29  Factory Reactor  
  50  4:30  SCV  
  52  4:33  Barracks  
  52  4:40  SCV  
  52  4:41  Marine  
  52  4:42  SCV  
  52  4:44  Supply Depot  
  55  4:49  Armory  
  55  4:58  SCV x2  
  55  4:59  Starport Reactor, Marine  
  58  5:08  Engineering Bay  
  58  5:10  Supply Depot  
  58  5:11  SCV x2  
  58  5:13  Marine x2  
  62  5:14  Supply Depot  
  62  5:20  Marine  
  63  5:22  Factory Reactor  
  63  5:23  SCV, Refinery  
  63  5:24  SCV  
  65  5:30  Marine  
  65  5:31  Marine  
  65  5:34  Marine x2  
  69  5:36  SCV  
  69  5:38  Marine  
  69  5:40  SCV  
  69  5:42  Medivac, Supply Depot  
  74  5:44  Supply Depot  
  74  5:48  SCV  
  75  5:50  Marine x2  
  75  5:52  Medivac, SCV  
  80  5:57  Marine x2  
  80  5:58  Marine  
  80  6:00  SCV  
  84  6:06  Hellion  
  84  6:07  Hellion, Marine  
  84  6:08  SCV  
  90  6:15  Marine x3  
  90  6:17  Marine  
  94  6:19  Medivac  
  94  6:22  Supply Depot  
  94  6:23  Supply Depot  
  96  6:25  Marine  
  96  6:28  Hellion x2  
  101  6:34  Marine  
  102  6:43  Medivac, Marine x3  
  102  6:45  Command Center  
  102  6:47  Supply Depot  
Show
View Real Time Build Order
Export as new Build Order

Stephano Zerg 

Build Orders: Pool First 

Get SALT Encoding   

  12  0:00  Drone  
  13  0:12  Overlord  
  13  0:18  Drone  
  14  0:30  Drone x2  
  14  0:34  Drone  
  17  0:45  Spawning Pool  
  17  0:48  Drone  
  17  1:08  Hatchery  
  17  1:11  Drone  
  17  1:22  Drone  
  17  1:24  Extractor  
  17  1:29  Drone  
  17  1:31  Zergling x2  
  17  1:32  Queen  
  21  1:42  Overlord  
  21  1:50  Drone  
  22  2:01  Drone  
  22  2:07  Queen  
  25  2:13  Drone  
  26  2:21  Drone x2  
  28  2:32  Drone x2  
  28  2:34  Metabolic Boost  
  28  2:36  Queen  
  31  2:39  Overlord  
  31  2:44  Drone  
  31  2:45  Drone x2  
  34  3:01  Drone, Hatchery  
  34  3:08  Drone  
  34  3:11  Queen  
  37  3:15  Queen  
  37  3:16  Drone  
  40  3:20  Overlord  
  40  3:24  Zergling x2  
  40  3:26  Zergling x2  
  42  3:28  Drone  
  42  3:30  Drone  
  42  3:33  Overlord  
  44  3:42  Zergling x4  
  44  3:43  Drone x2  
  52  3:48  Drone x4  
  52  3:54  Queen  
  54  3:58  Queen  
  54  4:02  Drone x2  
  57  4:06  Drone x2  
  59  4:12  Overlord  
  59  4:21  Drone  
  59  4:22  Spore Crawler  
  60  4:24  Zergling x8, Queen  
  65  4:32  Queen  
  65  4:33  Drone x2  
  65  4:36  Spore Crawler  
  68  4:38  Spore Crawler, Drone  
  68  4:43  Drone  
  69  4:47  Drone x3  
  69  4:48  Drone  
  69  4:51  Evolution Chamber  
  69  4:55  Evolution Chamber  
  69  4:56  Drone x2  
  65  5:00  Drone x2  
  65  5:02  Drone  
  68  5:07  Drone x3  
  68  5:11  Overlord  
  70  5:18  Drone x3  
  70  5:19  Overlord  
  73  5:22  Extractor  
  73  5:24  Extractor  
  73  5:28  Evolution Chamber  
  70  5:36  Lair  
  70  5:37  Extractor, Drone x5  
  70  5:42  Drone x4  
  79  5:44  Drone  
  80  5:52  Drone x6  
  86  6:05  Drone x3  
  86  6:08  Roach Warren  
  88  6:13  Queen  
  88  6:14  Extractor  
  88  6:15  Extractor  
  88  6:23  Overlord  
  88  6:26  Overlord x2  
  88  6:42  Zergling x10  
  88  6:44  Hatchery  
  88  6:46  Zergling x18  
Tags
 
Add a new tag
Caveats
  • Supply blocks, unpowered buildings, or Contaminate may cause inaccurate times.
  • Supply counts are checked every 10 seconds.